 Dungeon Crawl Stone Soup version 0.20.1-2-g1830e616b0 (webtiles) character file.

1041 Alfie the Archer (level 8, 0/68 HPs)
             Began as a Minotaur Hunter on Feb 13, 2020.
             Slain by Alfie's ghost (3 damage)
             ... on level 5 of the Dungeon.
             The game lasted 00:14:22 (3483 turns).

Alfie the Archer (Minotaur Hunter)                  Turns: 3483, Time: 00:14:23

Health: 0/68       AC:  6    Str: 19    XL:     8   Next: 4%
Magic:  7/7        EV: 13    Int:  8    God:
Gold:   229        SH:  0    Dex: 11    Spells: 4/7 levels left

rFire    . . .     SeeInvis .   z - +1 rapier
rCold    . . .     Gourm    .   (no shield)
rNeg     . . .     Faith    .   c - +3 leather armour
rPois    .         Spirit   .   (helmet restricted)
rElec    .         Reflect  .   (no cloak)
rCorr    .         Harm     .   (no gloves)
MR       .....                  (no boots)
Stlth    +.........             m - amulet of regeneration
Regen    0.3/turn               (no ring)
MPRegen  0.1/turn               (no ring)

@: flying, very slightly contaminated, invisible
A: retaliatory headbutt, horns 2
a: no special abilities


You were on level 5 of the Dungeon.
You were not hungry.

You visited 1 branch of the dungeon, and saw 5 of its levels.
You also visited: Sewer.

You collected 229 gold pieces.

Inventory:

Hand Weapons
 a - a +2 shortbow
 b - a +0 short sword
 z - a +1 rapier (weapon)
Missiles
 d - 11 arrows
 p - 4 tomahawks (quivered)
Armour
 c - a +3 leather armour (worn)
Jewellery
 j - an uncursed ring of wizardry
 m - an amulet of regeneration (around neck)
 o - a cursed amulet of inaccuracy {unknown}
Wands
 t - a wand of iceblast (5/15)
 y - a wand of flame (16/48)
Scrolls
 g - 2 scrolls of magic mapping
 h - 4 scrolls of remove curse
 k - a scroll of blinking
 s - a scroll of fog
 w - 3 scrolls of identify
 C - a scroll of amnesia
Potions
 i - 4 potions of curing {unknown}
 l - 2 potions of lignification {unknown}
 n - a potion of resistance {unknown}
 q - 3 potions of magic {unknown}
 u - a potion of agility {unknown}
 x - a potion of berserk rage {unknown}
 E - a potion of flight
Books
 A - a book of Misfortune

   Spells                             Type                      Level
   a - Confusing Touch                Hexes                        1
   b - Confuse                        Hexes                        3
   c - Gell's Gravitas                Translocation                3
   d - Petrify                        Transmutation/Earth          4
   e - Metabolic Englaciation         Hexes/Ice                    5
   f - Yara's Violent Unravelling     Hexes/Transmutation          5
Comestibles
 f - 4 bread rations


   Skills:
 + Level 5.0 Fighting
 + Level 1.0 Short Blades
 + Level 9.1 Bows
 + Level 0.8 Throwing
 + Level 3.4 Armour
 + Level 3.5 Dodging
 + Level 1.0 Stealth


You had 4 spell levels left.
You knew the following spells:

 Your Spells              Type           Power        Failure   Level  Hunger
a - Confuse               Hex            #.......     83%         3    ####...


Dungeon Overview and Level Annotations

Branches:
Dungeon (5/15)
 Temple: D:4-7

Altars:
Cheibriados
Okawaru

Annotations:
D:5 Alfie's ghost, amateur MiHu


Innate Abilities, Weirdness & Mutations

You reflexively headbutt those who attack you in melee.
You have a pair of horns on your head.


Message History

Aim: Alfie's ghost (heavily damaged) That beam is likely to hit you.
Continue anyway?
Uppercase [Y]es or [N]o only, please.
That beam is likely to hit you.
Continue anyway?
The mass of ice explodes!
The iceblast engulfs Alfie's ghost.
Alfie's ghost is severely damaged.
The iceblast engulfs you!
* * * LOW HITPOINT WARNING * * *
Evoking this partially-identified wand wasted a few charges.
Alfie's ghost hits you but does no damage.
You hit Alfie's ghost but do no damage. You headbutt Alfie's ghost!
Alfie's ghost is almost destroyed.
Alfie's ghost barely misses you.
You hit Alfie's ghost but do no damage.
Alfie's ghost is almost destroyed.
Alfie's ghost barely misses you.
You barely miss Alfie's ghost. Your headbutt misses Alfie's ghost.
Alfie's ghost is almost destroyed.
Alfie's ghost hits you.
You die...

#. #. #.. ##.# ### #..#
... #..## .# #.# #..W#
.## #.. #.#@# ..####.
#.#.# #.##...
###.#.#### #.##.##
#........## ###.##.†.
##.........####.†...†.#
#...............#...###
#...........#####.###
#...........# ##.#####
##.........## #....>.#


You could see Alfie's ghost.

Vanquished Creatures
  Eustachio (D:4)
  The ghost of Alfie the Shooter, an amateur MiHu (D:4)
  A sky beast (D:4)
  An ice beast (D:5)
  A big kobold (Sewer)
  A centaur zombie (D:5)
  3 orc wizards
  2 hounds (D:5)
  6 worker ants
  A hound skeleton (D:5)
  A mummy (D:4)
  Robin (D:4)
  A howler monkey skeleton (D:4)
  6 adders
  A worm (D:4)
  A dart slug (D:1)
  3 leopard geckos
  6 orcs
  2 ball pythons
  3 giant cockroaches
  13 goblins
  9 hobgoblins
  9 jackals
  2 quokkas
  4 bats
  3 frilled lizards
  11 kobolds
  2 leopard gecko skeletons (D:4)
  7 rats
103 creatures vanquished.

Notes
Turn   | Place    | Note
-------+----------+-------------------------------------------
     0 | D:1      | Alfie the Minotaur Hunter began the quest for the Orb.
     0 | D:1      | Reached XP level 1. HP: 18/18 MP: 0/0
   167 | D:1      | Reached XP level 2. HP: 25/25 MP: 1/1
   263 | D:1      | Reached skill level 5 in Bows
   735 | D:2      | Reached XP level 3. HP: 30/30 MP: 2/2
   871 | D:2      | Found an iron altar of Okawaru.
  1383 | D:3      | Found a faded altar of an unknown god.
  1452 | D:3      | Reached skill level 1 in Armour
  1462 | D:3      | Reached XP level 4. HP: 37/38 MP: 3/3
  1916 | D:4      | Noticed Eustachio
  1939 | D:4      | Killed Eustachio
  1939 | D:4      | Reached skill level 6 in Bows
  1939 | D:4      | Reached XP level 5. HP: 32/45 MP: 4/4
  2099 | D:4      | Reached skill level 7 in Bows
  2100 | D:4      | Reached XP level 6. HP: 36/52 MP: 5/5
  2420 | D:4      | Found a glowing drain.
  2424 | Sewer    | Entered a sewer
  2543 | Sewer    | Found a white marble altar of Elyvilon.
  2618 | D:4      | Noticed Alfie's ghost (amateur MiHu)
  2639 | D:4      | Killed Alfie's ghost
  2639 | D:4      | Reached skill level 8 in Bows
  2639 | D:4      | Reached XP level 7. HP: 18/59 MP: 6/6
  2647 | D:4      | Noticed Robin
  2800 | D:4      | Killed Robin
  2976 | D:4      | Found a snail-covered altar of Cheibriados.
  3238 | D:5      | Entered Level 5 of the Dungeon
  3280 | D:5      | Learned a level 3 spell: Confuse
  3421 | D:5      | Reached skill level 5 in Fighting
  3421 | D:5      | Reached skill level 9 in Bows
  3424 | D:5      | Reached skill level 1 in Stealth
  3435 | D:5      | Reached skill level 1 in Short Blades
  3435 | D:5      | Reached XP level 8. HP: 43/68 MP: 7/7
  3461 | D:5      | Noticed Alfie's ghost (amateur MiHu)
  3480 | D:5      | HP: 2/68 [shot self (8)]
  3483 | D:5      | Slain by Alfie's ghost

Skill      XL: |  1  2  3  4  5  6  7 |
---------------+----------------------+-----
Bows           | 5 6 7 8 9 |  9.1
Fighting       | 3 4 5 |  5.0
Armour         | 1 2 3 |  3.4
Dodging        | 3 |  3.5
Stealth        | 1 |  1.0
Short Blades   | 1 |  1.0
Throwing       | |  0.8

Action                   |  1- 3 |  4- 6 |  7- 9 || total
-------------------------+-------+-------+-------++-------
Melee: Short sword       |     6 |     8 |       ||    14
       Rapier            |       |    24 |    55 ||    79
       Headbutt          |       |     5 |     8 ||    13
 Fire: Shortbow          |    83 |   102 |    63 ||   248
Throw: Tomahawk          |       |       |     3 ||     3
Evoke: Wand              |       |       |     1 ||     1
  Use: Scroll            |     6 |       |    11 ||    17
       Potion            |       |     1 |     3 ||     4
  Eat: Bread ration      |     1 |       |       ||     1
       Royal jelly       |       |     1 |       ||     1
       Meat ration       |       |       |     1 ||     1
Armor: Leather armour    |     6 |    12 |    18 ||    36
Dodge: Dodged            |    19 |    41 |    39 ||    99
